 Dungeon Crawl Stone Soup version 0.28-a0-536-g4f1c8046e5 (webtiles) character file.

Game seed: 7249696715123559655

1841 IndexError the Fighter (level 9, -12/71 HPs)
             Began as a Djinni Cinder Acolyte on Sept 27, 2021.
             Was a Follower of Ignis.
             Mangled by an orc warrior (19 damage)
             ... on level 6 of the Dungeon.
             The game lasted 00:14:37 (10103 turns).

IndexError the Fighter (Djinni Cinder Acolyte)     Turns: 10103, Time: 00:14:38

Health: -12/71     AC:  9    Str: 13    XL:     9   Next: 33%
Gold:   465        EV: 10    Int: 25    God:    Ignis [*.....] SH:  0 Dex: 11

rFire   + + .      SeeInvis .   u - +3 hand axe
rCold   . . .      Faith    .   (no shield)
rNeg    . . .      Spirit   .   x - +1 ring mail of the Butterfly {Int+5}
rPois   ∞          Reflect  .   t - +1 helmet
rElec   .          Harm     .   (no cloak)
rCorr   .          Rampage  .   a - +0 pair of gloves {Dex+3}
Will    +....                   (boots unavailable)
Stlth   +.........              g - amulet of the acrobat
HPRegen 0.21/turn               m - ring of willpower
MPRegen 0.00/turn               v - ring of ice {rC+, rF-}

@: flying
A: sickness immunity, fire resistance 2, cold vulnerability 1, float, innate
caster, hp casting, extra vitality 1
a: Renounce Religion, Sea of Fire, Foxfire Swarm


You were on level 6 of the Dungeon.
You worshipped Ignis.
Ignis was aware of your devotion.
You visited 2 branches of the dungeon, and saw 8 of its levels.

You collected 517 gold pieces.
You spent 52 gold pieces at shops.

Inventory:

Hand Weapons
 u - a +3 hand axe (weapon)
   (You took it off an orc on level 5 of the Dungeon)
Missiles
 b - 2 silver javelins
 q - 7 javelins (quivered)
Armour
 a - a +0 pair of gloves of dexterity (worn)
   (You found it on level 6 of the Dungeon)
 r - a +0 leather armour
   (You took it off an orc on level 3 of the Dungeon)
 t - a +1 helmet (worn)
   (You found it on level 5 of the Dungeon)
 x - the +1 ring mail of the Butterfly (worn) {Int+5}
   (You found it on level 6 of the Dungeon)

   Int:       It affects your intelligence (+5).
Jewellery
 g - an amulet of the acrobat (around neck)
   (You found it on level 2 of the Dungeon)
 m - a ring of willpower (left hand)
   (You found it on level 3 of the Dungeon)
 v - a ring of ice (right hand) {rC+, rF-}
   (You found it on level 6 of the Dungeon)
Wands
 w - a wand of mindburst (14)
   (You found it on level 6 of the Dungeon)
Scrolls
 c - a scroll of amnesia {unknown}
 e - 3 scrolls of teleportation {unknown}
 f - 2 scrolls of enchant armour {unknown}
 j - 2 scrolls of brand weapon {unknown}
 k - 4 scrolls of identify {unknown}
 n - a scroll of blinking {unknown}
 o - a scroll of fear {unknown}
Potions
 d - 3 potions of degeneration {unknown}
 h - 2 potions of magic {unknown}
 i - 2 potions of flight {unknown}
 l - 2 potions of lignification {unknown}
 p - a potion of curing {unknown}
 s - a potion of mutation {unknown}


   Skills:
 + Level 8.7 Fighting
 - Level 2.6 Long Blades
 + Level 6.7 Spellcasting


You had 9 spell levels left.
You knew the following spells:

 Your Spells              Type           Power      Damage    Failure   Level
a - Scorch                Fire           84%        2d9       1%          2
b - Freeze                Ice            100%       1d11      1%          1
c - Teleport Other        Tloc           42%        N/A       2%          3
d - Summon Lightning Spi  Summ/Air       42%        N/A       10%         4
w - Passwall              Tmut/Erth      35%        N/A       1%          2
Your spell library was empty.

Dungeon Overview and Level Annotations

Branches:
Dungeon (7/15)             Temple (1/1) D:6

Altars:
Cheibriados
Dithmenos
Fedhas
Gozag
Hepliaklqana
Kikubaaqudgha
Makhleb
Nemelex Xobeh
Okawaru
Qazlal
Ru
Sif Muna
Trog
Uskayaw
Vehumet
Wu Jian
Xom
Yredelemnul
Zin
The Shining One
Lugonu

Shops:
D:5 (   D:6 **


Innate Abilities, Weirdness & Mutations

You are immune to sickness and miasma.
You are immune to poison.
Your flesh is very heat resistant. (rF++)
You are vulnerable to cold. (rC-)
You float through the air rather than walking.
You learn spells naturally, not from books.
Your magical power is your life essence.
You have superior vitality. (+4 HP)


Message History

The shadow imp shouts!
You hear a shout!
Found a falchion.
Found an escape hatch in the floor.
There is a stone staircase leading up here.
The shadow imp gestures at you.
You easily resist.
You hit the shadow imp.
The shadow imp hits you but does no damage.
You slash the shadow imp! The shadow imp closely misses you.
You hit the shadow imp.
An orc wizard comes into view. It is wielding a +0 dagger. x2
An orc priest comes into view. It is wielding a +0 short sword.
The orc priest shouts!
You hear a shout!
The orc wizard points at you and mumbles some strange words.
The puff of flame misses you.
An orc warrior comes into view. It is wielding a +0 battleaxe.
The orc wizard hits you but does no damage.
You hit the orc wizard.
The orc priest looks satisfied for a moment.
The orc wizard points at you and mumbles some strange words.
The puff of flame hits you. You resist.
The orc wizard hits you with a +0 dagger.
You take 3 damage, and have 68/71 hp.
You barely miss the orc wizard.
The orc wizard hits you but does no damage.
The orc priest casts a cantrip, but nothing happens.
The orc wizard hits you with a +0 dagger.
You take 1 damage, and have 67/71 hp.
You completely miss the orc wizard. You hit the orc wizard.
The orc wizard hits you but does no damage.
An orc comes into view. It is wielding a +0 falchion.
The orc wizard hits you with a +0 dagger.
You take 1 damage, and have 66/71 hp.
You barely miss the orc wizard. You hit the orc wizard.
The orc wizard hits you but does no damage.
The orc wizard shouts repeatedly, as Orcs often do.
The orc wizard closely misses you.
You hit the orc wizard. x2
The orc wizard hits you but does no damage. x2
The orc wizard barely misses you.
You closely miss the orc wizard. You barely miss the orc warrior.
You hit the orc wizard.
The orc wizard hits you but does no damage. x2
You hit the orc wizard. You closely miss the orc wizard.
You hit the orc warrior.
The orc priest calls down the wrath of Beogh upon you.
Beogh smites you!
The orc warrior hits you with a +0 battleaxe!
The orc wizard hits you but does no damage. x2
The orc wizard barely misses you.
You take 24 damage, and have 43/71 hp.
MASSIVE DAMAGE!!
The orc warrior completely misses you.
The orc priest calls down the wrath of Beogh upon you.
Beogh smites you!
You take 11 damage, and have 32/71 hp.
The orc priest invokes the aid of Beogh against you.
Beogh smites you!
You take 7 damage, and have 25/71 hp.
The orc wizard gestures wildly while chanting.
The orc wizard flickers and vanishes!
Deactivating autopickup; reactivate with Ctrl-A.
The orc wizard mumbles some strange words.
The orc wizard flickers and vanishes!
There is a stone staircase leading up here.
The orc warrior hits you with a +0 battleaxe.
The orc priest casts a cantrip, but nothing happens.
You fly upwards.
Reactivating autopickup.
There is a stone staircase leading down here.
You take 2 damage, and have 24/71 hp.
Flames leap up around you!
You can no longer rocket upward and away.
Something hits you but does no damage.
Deactivating autopickup; reactivate with Ctrl-A.
The orc warrior barely misses you.
The orc warrior hits your foxfire with a +0 battleaxe!!
The orc warrior hits your foxfire with a +0 battleaxe!
The orc warrior closely misses your foxfire.
The orc warrior hits your foxfire with a +0 battleaxe! x2
The orc warrior barely misses your foxfire.
You are too injured to fight recklessly!
Unknown command.
You closely miss the orc warrior. You miss something.
The foxfire hits something but does no damage.
The foxfire hits the orc warrior but does no damage.
The foxfire hits the orc warrior. x2
The foxfire hits the orc warrior but does no damage.
The foxfire hits something but does no damage.
The foxfire hits the orc warrior but does no damage.
The foxfire hits something.
Reactivating autopickup.
You feel a bit more experienced.
The foxfire hits the orc warrior but does no damage. x2
The foxfire hits the orc warrior.
The orc warrior hits you with a +0 battleaxe!!
* * * LOW HITPOINT WARNING * * *
You take 17 damage, and have 7/71 hp.
MASSIVE DAMAGE!!
You hit the orc warrior but do no damage.
The foxfire hits the orc warrior.
The orc warrior closely misses you.
The orc warrior hits you with a +0 battleaxe!!
You die...

#....[....# ####.#.##.#.#.....
#.........# #.........#####...
#......[..# #.##.#.##.#♣∩♣#...
#.........####.##.#.##.........
#.......[.........#.##......#'#
##############§####.##........#
#....§§§....##.#♣∩♣#..#
#.####§#######.######.#
#...§§@)..............#
##..§§.o.....#.####.#.#
#..§§.......#.######.#
#.....#.....#.##._.###
####.....#.....#.#.....8. ###
#......#.#.#...#.#..⌠.... ..#
#.##.)..###....#.##...... #.#
#.#..#...#...#...####.... #.#
#.....#.....#....######'#


You could see an orc warrior.

Vanquished Creatures
  Sigmund (D:3)
  Duvessa (D:5)
  2 ice beasts
  A black bear (D:4)
  2 orc warriors (D:6)
  An ogre (D:4)
  A phantom (D:6)
  Blork the orc (D:5)
  A water moccasin zombie (D:5)
  Dowan (D:5)
  A howler monkey (D:4)
  A crimson imp (D:6)
  4 hounds
  2 jellies
  An orc priest (D:5)
  A bullfrog skeleton (D:6)
  A scorpion zombie (D:5)
  2 iguanas
  Natasha (thrice) (D:2)
  2 orc wizards (D:6)
  A hound zombie (D:5)
  A hound skeleton (D:5)
  11 adders
  4 gnolls
  A shadow imp (D:7)
  2 ufetubi
  2 worms
  4 dart slugs
  13 orcs
  7 endoplasms
  2 giant cockroaches (D:1)
  7 goblins
  11 hobgoblins
  5 quokkas
  5 ball pythons
  9 bats
  2 frilled lizards (D:1)
  6 kobolds
  10 rats
  A spectral orc (D:5)
134 creatures vanquished.

Vanquished Creatures (others)
  118 foxfires
118 creatures vanquished.

Grand Total: 252 creatures vanquished

Notes
Turn   | Place    | Note
-------+----------+-------------------------------------------
     0 | D:1      | IndexError the Djinni Cinder Acolyte began the quest for
                  | the Orb.
     0 | D:1      | Reached XP level 1. HP: 20/20 MP: 0/0
   207 | D:1      | Reached XP level 2. HP: 13/25 MP: 0/0
   988 | D:1      | Reached XP level 3. HP: 30/30 MP: 0/0
   988 | D:1      | Learned a level 1 spell: Freeze
  1504 | D:1      | Reached skill level 3 in Spellcasting
  1909 | D:2      | Reached XP level 4. HP: 20/37 MP: 0/0
  2097 | D:2      | Reached skill level 4 in Fighting
  2819 | D:2      | Reached XP level 5. HP: 19/41 MP: 0/0
  2819 | D:2      | Learned a level 2 spell: Passwall
  2991 | D:2      | Noticed Natasha
  2994 | D:2      | Killed Natasha
  3191 | D:2      | Noticed Natasha
  3197 | D:2      | Killed Natasha
  3516 | D:2      | Noticed Natasha
  3521 | D:2      | Killed Natasha
  3765 | D:3      | Reached XP level 6. HP: 16/49 MP: 0/0
  4343 | D:3      | Reached skill level 5 in Fighting
  4539 | D:3      | Reached skill level 4 in Spellcasting
  4623 | D:3      | Noticed Sigmund
  4628 | D:3      | Killed Sigmund
  4629 | D:3      | Reached XP level 7. HP: 44/54 MP: 0/0
  4629 | D:3      | Learned a level 3 spell: Teleport Other
  5334 | D:4      | Found a glowing silver altar of Zin.
  5458 | D:5      | Entered Level 5 of the Dungeon
  5490 | D:5      | Noticed Duvessa
  5490 | D:5      | Noticed Dowan
  5861 | D:5      | Killed Dowan
  5862 | D:5      | Reached skill level 6 in Fighting
  5863 | D:5      | Killed Duvessa
  6265 | D:4      | Reached skill level 5 in Spellcasting
  6265 | D:4      | Reached XP level 8. HP: 47/62 MP: 0/0
  6780 | D:5      | Reached skill level 7 in Fighting
  7040 | D:5      | Found a hide-covered altar of Uskayaw.
  7356 | D:4      | HP: 14/64 [ogre (21)]
  7629 | D:5      | Reached skill level 6 in Spellcasting
  7976 | D:5      | Found Yqywnan's Firing Range.
  8170 | D:5      | Found a hazy altar of Hepliaklqana.
  8170 | D:5      | Noticed Blork the orc
  8190 | D:5      | Killed Blork the orc
  8191 | D:5      | Reached skill level 8 in Fighting
  8191 | D:5      | Reached XP level 9. HP: 20/70 MP: 0/0
  8191 | D:5      | Learned a level 4 spell: Summon Lightning Spire
  8659 | D:6      | HP: 17/70 [phantom (7)]
  8984 | D:6      | Found a shimmering altar of Xom.
  9048 | D:6      | Found a staircase to the Ecumenical Temple.
  9101 | D:6      | Found a shadowy altar of Dithmenos.
  9101 | D:6      | Found a stormy altar of Qazlal.
  9117 | Temple   | Entered the Ecumenical Temple
  9347 | D:6      | Found Vyranebi's Specific Store.
  9350 | D:6      | Found Xeumpuac's General Store.
  9464 | D:5      | Bought 5 javelins for 52 gold pieces
  9647 | D:6      | Found an ornate altar of the Wu Jian Council.
  9777 | D:6      | Found a snail-covered altar of Cheibriados.
  9832 | D:6      | Identified the +1 ring mail of the Butterfly {Int+5}
  9972 | D:6      | Found a burning altar of Makhleb.
 10102 | D:6      | HP: 7/71 [orc warrior (18)]
 10103 | D:6      | Mangled by an orc warrior

Illustrated notes

Levels and vault maps discovered:
D:1:      minmay_arrival_solitary_statue, layout_loops_corners
D:2:      layout_loops_ring, minmay_diced_spiral, uniq_natasha
D:3:      layout_basic, dk_noncrumbling_3, chequers_hall_statues_y,
          kennysheep_generic_room_6, uniq_sigmund
D:4:      layout_loops_corners, mainiacjoe_overflow_cross_hatched,
          mainiacjoe_overflow_paths, kennysheep_cluttered_room
D:5:      layout_rooms, nicolae_hepliaklqana_monster_ancestors,
          chequers_temple_overflow_statue_of_worship, nicolae_shop_firing_range,
          uniq_blork_the_orc, uniq_duvessa
D:6:      layout_basic, grunt_temple_overflow_lords_of_destruction,
          mainiacjoe_overflow_alcove_2, cheibriados_altar_1,
          amcnicky_altar_gilded, gammafunk_temple_overflow_pools,
          minmay_temple_entry_arrows, grunt_ministairs_6,
          corexii_hall_statues_i, nicolae_specific_store
D:7:      layout_basic, ashenzari_conservatory_becter, dk_noncrumbling_4,
          solitary_fountain, uniq_crazy_yiuf_cottage
Temple:   corrupted_temple

Skill      XL: |  1  2  3  4  5  6  7  8 |
---------------+-------------------------+-----
Spellcasting   | 3 4 5 6 |  6.7
Fighting       | 4 5 6 8 |  8.7
Long Blades    | |  2.6

Action                   |  1- 3 |  4- 6 |  7- 9 || total
-------------------------+-------+-------+-------++-------
Melee: Falchion          |   105 |   101 |   116 ||   322
       Hand axe          |       |       |   100 ||   100
Throw: Javelin           |       |       |    11 ||    11
 Cast: Scorch            |       |     3 |    15 ||    18
       Freeze            |       |     9 |    27 ||    36
       Summon Lightning  |       |       |     1 ||     1
Invok: Foxfire Swarm     |       |     4 |     4 ||     8
       Sea of Fire       |       |       |     2 ||     2
Evoke: Wand              |       |       |    13 ||    13
 Stab: Sleeping          |     1 |       |       ||     1
Armor: Robe              |    26 |    28 |     2 ||    56
       Leather armour    |       |       |    75 ||    75
       Ring mail         |       |       |    12 ||    12
Dodge: Dodged            |    69 |    80 |   163 ||   312

Table legend: (Time is in decaauts)
 A = Elapsed time spent in this place.
 B = Non-inter-level travel time spent in this place.
 C = Inter-level travel time spent in this place.
 D = Time resting spent in this place.
 E = Time spent auto-exploring this place.
 F = Levels seen in this place.
 G = Mean time per level.
                   A        B        C        D        E       F      G
               +--------+--------+--------+--------+--------+-----+--------+
         Total |  10212 |   9464 |    748 |      0 |   8221 |   8 | 1276.5 |
       Dungeon |  10162 |   9426 |    736 |      0 |   8191 |   7 | 1451.7 |
        Temple |     49 |     37 |     12 |      0 |     30 |   1 |   49.0 |
               +--------+--------+--------+--------+--------+-----+--------+

Top non-repeatable levels by time:
     D:4: 2444 daAuts
     D:2: 1913 daAuts
     D:1: 1866 daAuts
     D:6: 1486 daAuts
     D:5: 1245 daAuts
     D:3: 1182 daAuts
  Temple: 49 daAuts
     D:7: 24 daAuts

Table legend:
 A = Kills in this place as a percentage of kills in entire the game.
 B = Kills by you in this place as a percentage of kills by you in the entire game.
 C = Kills by friends in this place as a percentage of kills by friends in the entire game.
 D = Other kills in this place as a percentage of other kills in the entire game.
 E = Experience gained in this place as a percentage of experience gained in the entire game.
 F = Experience gained in this place divided by the number of levels of this place that you have seen.
                   A       B       C       D       E      F
               +-------+-------+-------+-------+-------+----------------------
         Total | 100.0 | 100.0 |   N/A |   N/A | 100.0 | 328.9
       Dungeon | 100.0 | 100.0 |   N/A |   N/A | 100.0 | 375.9
               +-------+-------+-------+-------+-------+----------------------
